 Dungeon Crawl Stone Soup version 0.21.1-1-g345015f (webtiles) character file.

1249 vatarom the Magician (level 8, 0/60 HPs)
             Began as a Gnoll Wanderer on May 24, 2018.
             Was an Initiate of Gozag.
             Slain by a wight
             ... wielding a +2 great sword
              (2 damage)
             ... on level 6 of the Dungeon.
             The game lasted 00:13:15 (5603 turns).

vatarom the Magician (Gnoll Wanderer)               Turns: 5603, Time: 00:13:16

Health: 0/60       AC:  2    Str: 17    XL:     8   Next: 50%
Magic:  21/28      EV: 13    Int: 13    God:    Gozag
Gold:   544        SH:  0    Dex: 16    Spells: 9/22 levels left

rFire    . . .     SeeInvis .   o - +5 scimitar (curse)
rCold    . . .     Gourm    .   (no shield)
rNeg     . . .     Faith    .   d - +0 robe
rPois    +         Spirit   .   (no helmet)
rElec    .         Reflect  .   (no cloak)
rCorr    .         Harm     .   (no gloves)
MR       .....                  (no boots)
Stlth    ++........             (no amulet)
HPRegen  0.20/turn              w - ring of poison resistance
MPRegen  0.21/turn              g - ring of magical power

@: very slightly contaminated, heavily drained
A: distributed training, fangs 1, strong nose
a: Potion Petition, Call Merchant, Bribe Branch, Renounce Religion


You were on level 6 of the Dungeon.
You worshipped Gozag.
Gozag was pleased with you.
You were not hungry.

You visited 2 branches of the dungeon, and saw 7 of its levels.
You also visited: Sewer.

You collected 609 gold pieces.
You paid 65 gold pieces to Gozag.

Inventory:

Hand Weapons
 m - a +2 quarterstaff of protection
 o - a cursed +5 scimitar (weapon)
 B - a +0 arbalest
Armour
 d - a +0 robe (worn)
Jewellery
 e - an uncursed ring of stealth
 g - a ring of magical power (right hand)
 w - a ring of poison resistance (left hand)
Wands
 r - a wand of acid (10)
 C - a wand of flame (15)
 D - a wand of digging (9)
Scrolls
 b - 4 scrolls of remove curse
 h - 6 scrolls of identify {unknown}
 j - 3 scrolls of magic mapping {unknown}
 l - a scroll of enchant armour {unknown}
 n - a scroll of immolation {unknown}
 s - 3 scrolls of teleportation
 t - 2 scrolls of blinking {unknown}
 y - 3 scrolls of amnesia {unknown}
Potions
 c - a potion of curing
 i - a potion of might {unknown}
 k - a potion of brilliance
 q - a potion of flight {unknown}
 v - 2 potions of mutation {unknown}
 x - a potion of heal wounds {unknown}
 z - a potion of degeneration {unknown}
 A - a potion of agility {unknown}
Books
 a - a book of Minor Magic

   Spells                             Type                      Level
   a - Magic Dart                     Conjuration                  1
   b - Blink                          Translocation                2
   c - Call Imp                       Summoning                    2
   d - Slow                           Hexes                        2
   e - Conjure Flame                  Conjuration/Fire             3
   f - Mephitic Cloud                 Conjuration/Poison/Air       3
Comestibles
 f - 5 rations


   Skills:
 + Level 4.2(2.7) Fighting
 + Level 4.2(2.7) Short Blades
 + Level 3.2(1.8) Long Blades
 + Level 3.2(1.8) Axes
 + Level 3.2(1.8) Maces & Flails
 + Level 3.2(1.8) Polearms
 + Level 3.2(1.8) Staves
 + Level 3.2(1.8) Slings
 + Level 3.2(1.8) Bows
 + Level 3.2(1.8) Crossbows
 + Level 4.2(2.7) Throwing
 + Level 3.2(1.8) Armour
 + Level 4.2(2.7) Dodging
 + Level 4.1(2.6) Stealth
 + Level 3.2(1.8) Shields
 + Level 3.2(1.8) Unarmed Combat
 + Level 7.9(6.3) Spellcasting
 + Level 2.6(1.2) Conjurations
 + Level 2.6(1.2) Hexes
 + Level 2.6(1.2) Charms
 + Level 2.6(1.2) Summonings
 + Level 3.4(2.0) Necromancy
 + Level 2.6(1.2) Translocations
 + Level 2.6(1.2) Transmutations
 + Level 2.6(1.2) Fire Magic
 + Level 2.6(1.2) Ice Magic
 + Level 2.6(1.2) Air Magic
 + Level 3.4(2.0) Earth Magic
 + Level 2.6(1.2) Poison Magic
 + Level 3.6(2.1) Invocations
 + Level 3.2(1.8) Evocations


You had 9 spell levels left.
You knew the following spells:

 Your Spells              Type           Power        Failure   Level  Hunger
a - Magic Dart            Conj           #...         10%         1    None
c - Call Imp              Summ           #.......     14%         2    #......
d - Slow                  Hex            #.......     14%         2    #......
e - Conjure Flame         Conj/Fire      #.......     28%         3    ###....
B - Blink                 Tloc           N/A          14%         2    #......
M - Mephitic Cloud        Conj/Pois/Air  #.......     28%         3    ###....


Dungeon Overview and Level Annotations

Branches:
Dungeon (6/15)             Temple (1/1) D:4

Altars:
Cheibriados
Dithmenos
Elyvilon
Fedhas
Gozag
Hepliaklqana
Kikubaaqudgha
Makhleb
Nemelex Xobeh
Okawaru
Qazlal
Ru
Sif Muna
Uskayaw
Wu Jian
Yredelemnul
Zin
The Shining One


Innate Abilities, Weirdness & Mutations

Your experience applies equally to all skills.
You have very sharp teeth.
Your uncanny sense of smell can sniff out nearby items.


Message History

The wight hits you with an enchanted great sword!!
* * * LOW HITPOINT WARNING * * *
Unknown command.
You hit the wight.
The wight is severely damaged.
Your iron imp disappears in a puff of smoke!
The wight misses you.
Unknown command.
Okay, then.
Casting: Call Imp
Confirm with . or Enter, or press ? or * to list all spells.
You don't know that spell.
Casting: Call Imp
Confirm with . or Enter, or press ? or * to list all spells.
You miscast Blink.
Nothing appears to happen.
The wight hits you with an enchanted great sword.
* * * LOW HITPOINT WARNING * * *
You feel drained.
You die...
Your body crumbles into a pile of gold.

#..###.###..###..##.....#..#.
###.(###+###..###+####'########
+...)....'..........+....#
#........#..........#..>.#
###..##..####+###+###....#
#..###'####..#.<..#....# ##
∆...........#..#....##'#######.
............#..#.....(.........
..............#.@#...............
..............#.z#...............
..............#..'..............#
######....###'#..............#
#....#..(.(##########'###
#....#.....#............#
..'.....#..[..).5...##
###.....##'####.##..#
........#..#########


You could see a wight.

Vanquished Creatures
  The ghost of Jaiteiro the Chopper, an amateur MiBe of Trog (D:3)
  The ghost of Saeniel the Skirmisher, an amateur GrFi (D:4)
  Purgy (Sewer)
  An ice beast (D:5)
  2 phantoms (D:5)
  A scorpion (D:4)
  A wight (D:6)
  A howler monkey (D:5)
  A hound (D:6)
  An orc priest (D:3)
  A jelly (D:6)
  3 orc wizards (D:5)
  3 worker ants
  A hound zombie (D:4)
  A worker ant zombie (D:5)
  9 adders
  2 river rats (D:5)
  3 oozes (D:1)
  A worm (D:3)
  A dart slug (D:2)
  A leopard gecko (D:1)
  10 orcs
  A ball python (D:5)
  5 giant cockroaches
  4 goblins
  5 hobgoblins
  18 jackals
  2 quokkas
  13 bats
  5 frilled lizards
  8 kobolds
  A leopard gecko skeleton (D:4)
  4 rats
113 creatures vanquished.

Vanquished Creatures (collateral kills)
  A wight (D:6)
1 creature vanquished.

Grand Total: 114 creatures vanquished

Notes
Turn   | Place    | Note
-------+----------+-------------------------------------------
     0 | D:1      | vatarom the Gnoll Wanderer began the quest for the Orb.
     0 | D:1      | vatarom set off with: a book of Minor Magic, a +0 short sword, a scroll of teleportation, a +0 robe, a ration
     0 | D:1      | Reached XP level 1. HP: 17/17 MP: 8/8
     2 | D:1      | Learned a level 1 spell: Magic Dart
    82 | D:1      | Reached XP level 2. HP: 20/23 MP: 10/10
   775 | D:1      | Reached XP level 3. HP: 28/28 MP: 11/11
   975 | D:2      | Reached skill level 1 in Invocations
  1037 | D:2      | Found a sparkling altar of Nemelex Xobeh.
  1445 | D:2      | Reached skill level 1 in Long Blades
  1445 | D:2      | Reached skill level 1 in Axes
  1445 | D:2      | Reached skill level 1 in Maces & Flails
  1445 | D:2      | Reached skill level 1 in Polearms
  1445 | D:2      | Reached skill level 1 in Staves
  1445 | D:2      | Reached skill level 1 in Slings
  1445 | D:2      | Reached skill level 1 in Bows
  1445 | D:2      | Reached skill level 1 in Crossbows
  1445 | D:2      | Reached skill level 1 in Armour
  1445 | D:2      | Reached skill level 1 in Shields
  1445 | D:2      | Reached skill level 1 in Unarmed Combat
  1445 | D:2      | Reached skill level 1 in Evocations
  1445 | D:2      | Reached XP level 4. HP: 21/34 MP: 13/13
  1996 | D:3      | Noticed Jaiteiro's ghost (amateur MiBe)
  2384 | D:3      | Found a deep blue altar of Sif Muna.
  2489 | D:3      | Reached skill level 1 in Conjurations
  2489 | D:3      | Reached skill level 1 in Hexes
  2489 | D:3      | Reached skill level 1 in Charms
  2489 | D:3      | Reached skill level 1 in Summonings
  2489 | D:3      | Reached skill level 1 in Translocations
  2489 | D:3      | Reached skill level 1 in Transmutations
  2489 | D:3      | Reached skill level 1 in Fire Magic
  2489 | D:3      | Reached skill level 1 in Ice Magic
  2489 | D:3      | Reached skill level 1 in Air Magic
  2489 | D:3      | Reached skill level 1 in Poison Magic
  2620 | D:3      | Killed Jaiteiro's ghost
  2620 | D:3      | Reached XP level 5. HP: 24/41 MP: 14/14
  2620 | D:3      | Reached XP level 6. HP: 27/47 MP: 16/16
  2961 | D:4      | Noticed Saeniel's ghost (amateur GrFi)
  2990 | D:4      | Killed Saeniel's ghost
  3133 | D:4      | Reached XP level 7. HP: 46/52 MP: 18/18
  3316 | D:4      | Learned a level 2 spell: Blink
  3319 | D:4      | Learned a level 2 spell: Call Imp
  3322 | D:4      | Learned a level 2 spell: Slow
  3326 | D:4      | Learned a level 3 spell: Conjure Flame
  3331 | D:4      | Learned a level 3 spell: Mephitic Cloud
  3340 | D:4      | Found a staircase to the Ecumenical Temple.
  3417 | Temple   | Entered the Ecumenical Temple
  3567 | Temple   | Became a worshipper of Gozag Ym Sagoz the Greedy
  3598 | D:5      | Entered Level 5 of the Dungeon
  3868 | D:5      | Found a glowing drain.
  3909 | Sewer    | Entered a sewer
  4021 | Sewer    | Noticed Purgy
  4031 | Sewer    | Killed Purgy
  4463 | D:5      | Reached XP level 8. HP: 47/60 MP: 19/19
  5603 | D:6      | HP: 2/60 [wight/enchanted great sword (5)]
  5603 | D:6      | Slain by a wight

Skill      XL: |  1  2  3  4  5  6  7  8 |
---------------+-------------------------+-----
Necromancy     | 2 3 |  3.4
Earth Magic    | 2 3 |  3.4
Invocations    | 1 2 3 |  3.6
Long Blades    | 1 2 3 |  3.2
Axes           | 1 2 3 |  3.2
Maces & Flails | 1 2 3 |  3.2
Polearms       | 1 2 3 |  3.2
Staves         | 1 2 3 |  3.2
Slings         | 1 2 3 |  3.2
Bows           | 1 2 3 |  3.2
Crossbows      | 1 2 3 |  3.2
Armour         | 1 2 3 |  3.2
Shields        | 1 2 3 |  3.2
Unarmed Combat | 1 2 3 |  3.2
Evocations     | 1 2 3 |  3.2
Conjurations   | 1 2 |  2.6
Hexes          | 1 2 |  2.6
Charms         | 1 2 |  2.6
Summonings     | 1 2 |  2.6
Translocations | 1 2 |  2.6
Transmutations | 1 2 |  2.6
Fire Magic     | 1 2 |  2.6
Ice Magic      | 1 2 |  2.6
Air Magic      | 1 2 |  2.6
Poison Magic   | 1 2 |  2.6
Fighting       | 3 4 |  4.2
Short Blades   | 3 4 |  4.2
Throwing       | 3 4 |  4.2
Dodging        | 3 4 |  4.2
Stealth        | 3 4 |  4.1
Spellcasting   | |  7.9

Action                   |  1- 3 |  4- 6 |  7- 9 || total
-------------------------+-------+-------+-------++-------
Melee: Short sword       |    22 |       |       ||    22
       Bite              |     4 |     5 |    13 ||    22
       Dagger            |    32 |       |       ||    32
       Quarterstaff      |       |   131 |   163 ||   294
       Scimitar          |       |       |     2 ||     2
Throw: Javelin           |       |       |    10 ||    10
 Cast: Magic Dart        |     8 |       |    22 ||    30
       Call Imp          |       |       |     9 ||     9
       Mephitic Cloud    |       |       |     4 ||     4
       Conjure Flame     |       |       |     4 ||     4
       Slow              |       |       |     1 ||     1
       Blink             |       |       |     1 ||     1
  Use: Scroll            |     3 |       |       ||     3
       Potion            |       |     2 |     5 ||     7
 Stab: Sleeping          |     7 |     7 |     5 ||    19
       Confused          |       |       |     2 ||     2
       Distracted        |       |       |     1 ||     1
  Eat: Ration            |     1 |     1 |     3 ||     5
       Chunk             |       |       |     1 ||     1
Armor: Robe              |     7 |    65 |    42 ||   114
       Skin              |       |    40 |       ||    40
Dodge: Dodged            |    29 |   137 |   136 ||   302
